 Dungeon Crawl Stone Soup version 0.31-a0-267-g3fc6992b3b (webtiles) character file.

Game seed: 5269729552439947245

1452 qw the Skirmisher (level 8, 0/70 HPs)
             Began as a Minotaur Hexslinger on July 14, 2023.
             Slain by an orc warrior
             ... wielding a +0 trident
              (14 damage)
             ... on level 6 of the Dungeon.
             The game lasted 00:02:19 (4948 turns).

qw the Skirmisher (Minotaur Hexslinger)             Turns: 4948, Time: 00:02:20

Health: 0/70       AC:  9    Str: 12    XL:     8   Next: 47%
Magic:  0/8        EV: 13    Int: 16    God:
Gold:   271        SH:  0    Dex: 16    Spells: 8/9 levels left

rFire   . . .        Y - +1 sling
rCold   . . .        (no shield)
rNeg    . . .        q - +2 leather armour {Will+}
rPois   .            (helmet restricted)
rElec   .            k - +0 cloak
rCorr   +            f - +1 pair of gloves
SInv    .            e - +0 pair of boots
Will    +....        l - amulet of guardian spirit
Stlth   +            g - ring of resist corrosion
HPRegen 0.31/turn    p - ring "Jywn" {Will+ Int+6 Slay+3}
MPRegen 0.11/turn

%: guardian spirit
@: weak-willed
A: horns 2, retaliatory headbutt
a: no special abilities


You were on level 6 of the Dungeon.
You visited 1 branch of the dungeon, and saw 6 of its levels.

You collected 271 gold pieces.


Innate Abilities, Weirdness & Mutations

You have a pair of horns on your head.
You reflexively headbutt those who attack you in melee.


   Skills:
 - Level 6.1 Fighting
 + Level 9.5 Ranged Weapons
 - Level 2.6 Armour
 - Level 3.7 Dodging
 - Level 1.0 Spellcasting
 - Level 2.0 Hexes


You had 8 spell levels left.
You knew the following spells:

 Your Spells              Type           Power      Damage    Failure   Level
a - Slow                  Hex            28%        N/A       13%         1

Your spell library contained the following spells:

 Spells                   Type           Power      Damage    Failure   Level
 Inner Flame              Hex/Fire       4%         N/A       50%         3
 Portal Projectile        Hex/Tloc       8%         N/A       50%         3
 Cause Fear               Hex            3%         N/A       77%         4

Inventory:

Hand Weapons
 Y - a +1 sling (weapon)
Armour
 e - a +0 pair of boots (worn)
 f - a +1 pair of gloves (worn)
 k - a +0 cloak (worn)
 q - a +2 leather armour of willpower (worn)
Jewellery
 b - a ring of fire
 g - a ring of resist corrosion (left hand)
 l - an amulet of guardian spirit (around neck)
 p - the ring "Jywn" (right hand) {Will+ Int+6 Slay+3}
   (You found it on level 4 of the Dungeon)

   [ring of intelligence]

   Int:       It affects your intelligence (+6).
   Slay:      It affects your accuracy & damage with ranged weapons and melee
   (+3).
   Will:      It increases your willpower.
Scrolls
 a - a scroll of identify
Potions
 c - 2 potions of haste
 i - a potion of mutation {unknown}
 j - a potion of might {unknown}
 n - a potion of curing {unknown}
 o - a potion of attraction {unknown}
 r - a potion of enlightenment {unknown}

Dungeon Overview and Level Annotations

Branches:
Dungeon (6/15)
 Temple: D:4-7

Altars:
Vehumet
Wu Jian
Yredelemnul
The Shining One

Annotations:
D:6 exclusion: 2 orc warriors


Message History

Autopickup is now on.
You shoot a sling bullet. The orc warrior closely misses you.
Something hits you but does no damage.
Deactivating autopickup; reactivate with Ctrl-A.
Autopickup is now on.
You shoot a sling bullet.
The orc warrior hits you with a +0 trident.
Something hits you but does no damage.
Deactivating autopickup; reactivate with Ctrl-A.
Autopickup is now on.
4942 ||| DRINKING potion of heal wounds.
You feel much better.
The orc warrior hits you with a +0 trident!
Something hits you but does no damage.
Deactivating autopickup; reactivate with Ctrl-A.
Autopickup is now on.
You shoot a sling bullet.
The orc warrior hits you with a +0 trident.
Something hits you but does no damage.
Deactivating autopickup; reactivate with Ctrl-A.
Autopickup is now on.
You shoot a sling bullet.
The orc warrior hits you but does no damage.
You hear some strange, mumbled words.
Deactivating autopickup; reactivate with Ctrl-A.
Something tries to affect you, but you resist.
Autopickup is now on.
You shoot a sling bullet. The orc warrior closely misses you.
Something hits you but does no damage.
Deactivating autopickup; reactivate with Ctrl-A.
Autopickup is now on.
You shoot a sling bullet.
The orc warrior hits you with a +0 trident!
Something hits you.
Deactivating autopickup; reactivate with Ctrl-A.
Autopickup is now on.
You shoot a sling bullet.
You feel a bit more experienced. The orc warrior closely misses you.
The orc warrior hits you with a +0 trident!
You die...

##'#.# #...#.##.......##...(#
.....# #.........#.#..##.####
.....# #.#.#....##.#.....# #
.....# #.#.#<.........##.#
##'#.# #.#.#.##..#.#..##.#
.....#######.###.....#.#..##.#
##.........#.# #....##.#..##.#
##.#.#####.#.######.#.....##.#
##.#.......#....@o#.##.##.##>#
##.#.############.#.##.##....#
.#.#.......# #.#.##.#######
.#.#.#####.# #.#.##.#
.#.#.......## #.####.#
.#.#........# #......#
.#.#.####...# ########
.#.######...# ............#


You could see an orc warrior (weak-willed).

Vanquished Creatures
  A wraith (D:6)
  2 steam dragons (D:6)
  A black bear (D:4)
  2 sky beasts (D:6)
  An ice beast (D:6)
  An ogre (D:6)
  A scorpion (D:6)
  An orc priest (D:6)
  3 hounds
  A jelly (D:5)
  2 iguanas
  2 orc wizards (D:6)
  A gnoll (D:1)
  13 adders
  A river rat (D:5)
  A shadow imp (D:6)
  4 white imps
  3 worms
  7 dart slugs
  10 orcs
  4 endoplasms
  7 giant cockroaches
  7 goblins
  9 hobgoblins
  3 quokkas
  5 ball pythons
  10 bats
  3 frilled lizards
  5 kobolds
  6 rats
117 creatures vanquished.

Notes
Turn   | Place    | Note
-------+----------+-------------------------------------------
     0 | D:1      | qw the Minotaur Hexslinger began the quest for the Orb.
     0 | D:1      | Reached XP level 1. HP: 16/16 MP: 1/1
     0 | D:1      | 0 ||| qw: Version: 0.3-a-52-g30416fa
     0 | D:1      | 0 ||| qw: Game counter: 7879
     0 | D:1      | 0 ||| qw: Melee chars always use a shield: true
     0 | D:1      | 0 ||| qw: God list: Okawaru
     0 | D:1      | 0 ||| qw: Allow faded altars: false
     0 | D:1      | 0 ||| qw: Do Orc after clearing Dungeon:15 true
     0 | D:1      | 0 ||| qw: Do second Lair branch before Depths: true
     0 | D:1      | 0 ||| qw: Lair rune preference: random
     0 | D:1      | 0 ||| qw: Goals: Normal
     0 | D:1      | 0 ||| PLANNING D:1-11
   253 | D:1      | Reached skill level 3 in Ranged Weapons
   253 | D:1      | Reached XP level 2. HP: 21/23 MP: 2/2
   301 | D:1      | 301 ||| Stepping ~*~*~tactically~*~*~ (outnumbered).
   384 | D:1      | Reached XP level 3. HP: 29/29 MP: 3/3
   595 | D:1      | Reached skill level 4 in Ranged Weapons
   871 | D:1      | 871 ||| UPGRADING to +0 ring mail.
   881 | D:1      | 881 ||| DROPPING +0 robe.
   882 | D:1      | 882 ||| UPGRADING to ring of resist corrosion.
   883 | D:1      | 883 ||| READING 2 scrolls labelled MEXEIW HECUDI.
   884 | D:1      | 884 ||| READING scroll labelled QOYGHU AGOETYMN.
   885 | D:1      | 885 ||| DROPPING scroll of poison.
  1008 | D:2      | Reached skill level 1 in Armour
  1186 | D:2      | Reached XP level 4. HP: 36/36 MP: 4/4
  1340 | D:2      | Found an ornate altar of the Wu Jian Council.
  1446 | D:2      | Identified the +5 plate armour of the World {rN+ Will+
                  | Int+4}
  1801 | D:2      | 1801 ||| READING scroll labelled UBIXKU JI WIYZAOTZ.
  1802 | D:2      | 1802 ||| READING scroll labelled BUOFAI NANUM.
  1803 | D:2      | 1803 ||| READING scroll labelled TECSOP GURUCVE.
  1804 | D:2      | 1804 ||| DRINKING 2 fuming red potions.
  1808 | D:2      | 1808 ||| READING 3 scrolls of identify.
  1808 | D:2      | 1808 ||| IDENTIFYING black potion
  1809 | D:2      | 1809 ||| READING 2 scrolls of identify.
  1809 | D:2      | 1809 ||| IDENTIFYING bubbling brown potion
  1810 | D:2      | 1810 ||| DROPPING potion of ambrosia.
  1835 | D:3      | 1835 ||| FLEEEEING.
  1837 | D:3      | 1837 ||| STAIRDANCE
  1925 | D:3      | Found a basalt altar of Yredelemnul.
  1968 | D:3      | Found an ornate altar of the Wu Jian Council.
  1991 | D:3      | Reached skill level 5 in Ranged Weapons
  2028 | D:3      | Found a radiant altar of Vehumet.
  2072 | D:3      | Found a faded altar of an unknown god.
  2306 | D:3      | 2306 ||| UPGRADING to +0 cloak.
  2311 | D:3      | 2311 ||| READING scroll labelled ZUELEIS UKEFO.
  2412 | D:3      | 2412 ||| READING scroll labelled ACUVAI JAECAGGY.
  2416 | D:3      | 2416 ||| READING 2 scrolls of identify.
  2416 | D:3      | 2416 ||| IDENTIFYING fuming yellow potion
  2417 | D:3      | 2417 ||| DROPPING potion of lignification.
  2445 | D:4      | Noticed a black bear
  2450 | D:4      | Killed a black bear
  2451 | D:4      | Reached XP level 5. HP: 47/47 MP: 5/5
  2692 | D:4      | Found a glowing golden altar of the Shining One.
  2708 | D:4      | Identified the ring "Jywn" {Will+ Int+6 Slay+3}
  2915 | D:4      | 2915 ||| UPGRADING to +0 pair of gloves.
  2920 | D:4      | 2920 ||| UPGRADING to +2 leather armour of willpower.
  2930 | D:4      | 2930 ||| DROPPING +0 ring mail.
  2931 | D:4      | 2931 ||| UPGRADING to amulet of guardian spirit.
  2936 | D:4      | 2936 ||| UPGRADING to ring "Jywn" {Will+ Int+6 Slay+3}.
  2937 | D:4      | 2937 ||| READING 2 scrolls labelled SINYPE JAOH.
  2938 | D:4      | 2938 ||| READING scroll of enchant armour.
  2938 | D:4      | 2938 ||| ENCHANTING +0 pair of gloves.
  2939 | D:4      | 2939 ||| READING 2 scrolls of identify.
  2939 | D:4      | 2939 ||| IDENTIFYING silvery potion
  2940 | D:4      | 2940 ||| DROPPING potion of degeneration.
  2957 | D:5      | Entered Level 5 of the Dungeon
  2958 | D:5      | 2958 ||| PLANNING SEWER
  2961 | D:5      | Reached XP level 6. HP: 53/53 MP: 6/6
  3151 | D:5      | Reached skill level 6 in Ranged Weapons
  3572 | D:5      | 3572 ||| RIP SEWER
  3573 | D:5      | 3573 ||| PLANNING D:1-11
  3713 | D:5      | 3713 ||| UPGRADING to +0 pair of boots.
  3718 | D:5      | 3718 ||| READING scroll labelled TACVY CAOLYJIONA.
  3719 | D:5      | 3719 ||| READING 2 scrolls of identify.
  3719 | D:5      | 3719 ||| IDENTIFYING fuming purple potion
  3720 | D:5      | 3720 ||| DROPPING potion of invisibility.
  3757 | D:6      | Reached skill level 7 in Ranged Weapons
  3802 | D:6      | 3802 ||| Stepping ~*~*~tactically~*~*~ (outnumbered).
  3810 | D:6      | Reached XP level 7. HP: 60/60 MP: 7/7
  3987 | D:6      | Reached skill level 8 in Ranged Weapons
  4164 | D:6      | Noticed a steam dragon
  4168 | D:6      | 4168 ||| Stepping ~*~*~tactically~*~*~ (cloud).
  4176 | D:6      | Killed a steam dragon
  4177 | D:6      | Reached skill level 3 in Dodging
  4280 | D:6      | Noticed a steam dragon
  4282 | D:6      | 4282 ||| FLEEEEING.
  4283 | D:6      | 4283 ||| FLEEEEING.
  4293 | D:6      | Reached XP level 8. HP: 41/68 MP: 4/8
  4313 | D:6      | HP: 10/68 [steam dragon] (11)]
  4314 | D:6      | 4314 ||| READING scroll of teleportation.
  4315 | D:6      | 4315 ||| DRINKING 2 potions of heal wounds.
  4367 | D:6      | 4367 ||| FLEEEEING.
  4474 | D:6      | Reached skill level 9 in Ranged Weapons
  4539 | D:6      | Reached skill level 6 in Fighting
  4908 | D:6      | 4908 ||| Stepping ~*~*~tactically~*~*~ (outnumbered).
  4910 | D:6      | 4910 ||| Stepping ~*~*~tactically~*~*~ (outnumbered).
  4929 | D:6      | 4929 ||| READING scroll labelled BUOPHIE UT YHU.
  4931 | D:6      | 4931 ||| READING scroll labelled JICYAH EHOKA.
  4941 | D:6      | HP: 15/70 [orc warrior/+0 trident (5)]
  4942 | D:6      | 4942 ||| DRINKING potion of heal wounds.
  4946 | D:6      | HP: 16/70 [orc warrior/+0 trident (13)]
  4948 | D:6      | Slain by an orc warrior

Levels and vault maps discovered:
D:1:      dpeg_arrival_houses_and_road, layout_basic
D:2:      layout_basic, basic_altar
D:3:      layout_rooms, mainiacjoe_overflow_catch_the_wave,
          mainiacjoe_overflow_concentric_impassable, basic_ecumenical_altar
D:4:      layout_rooms, lemuel_round_altar
D:5:      layout_loops_ring, lightli_sewer_entry_pipes
D:6:      layout_basic

Skill      XL: |  1  2  3  4  5  6  7  8 |
---------------+-------------------------+-----
Ranged Weapons | 3 4 5 7 8 9 |  9.5
Fighting       | 2 4 5 6 |  6.1
Armour         | 1 2 |  2.6
Dodging        | 3 |  3.7
Spellcasting   | |  1.0
Hexes          | |  2.0

Action                     |  1- 3 |  4- 6 |  7- 9 || total
---------------------------+-------+-------+-------++-------
   Fire: Sling             |   108 |   246 |   140 ||   494
    Use: Scroll            |     2 |    13 |     3 ||    18
         Potion            |       |     1 |     2 ||     3
 Armour: Robe              |     5 |       |       ||     5
         Ring mail         |     9 |    43 |       ||    52
         Leather armour    |       |     4 |    40 ||    44
  Dodge: Dodged            |    32 |    74 |    46 ||   152

Table legend:
 A = Non-vault XP
 B = Vault XP
 C = Vault XP percentage of total XP
 D = Non-vault monster count
 E = Vault monster count
 F = Vault count percentage of total count
                 A         B        C        D         E       F
            +---------+---------+-------+---------+---------+-------
      Total |    2021 |      54 |   2.6 |     108 |       9 |   7.7
            +---------+---------+-------+---------+---------+-------
        D:1 |      70 |       0 |   0.0 |      28 |       0 |   0.0
        D:2 |      75 |       0 |   0.0 |      19 |       0 |   0.0
        D:3 |      43 |       0 |   0.0 |      14 |       0 |   0.0
        D:4 |     191 |       0 |   0.0 |      12 |       0 |   0.0
        D:5 |     242 |      54 |  18.2 |      16 |       9 |  36.0
        D:6 |    1400 |       0 |   0.0 |      19 |       0 |   0.0
            +---------+---------+-------+---------+---------+-------
